AoeStats
← GS_JL

Glade

510560533Analyzed
1v1 RM · 15h ago on Oct 1, 2026· 50m 2s· 2 players
Game mode
Random Map
Map size
Tiny (2 player)
Population
200
Speed
Normal
Resources
Standard
Victory
Conquest
Starting age
Dark Age
Ending age
Imperial Age
RankedLock teamsTeams togetherTeam positionsShared explorationLock speedFull tech treeHidden civsTurbo modeCheats
Victory
Defeat
🇰🇿 Slavs · Kazakhstan
732
+16
722
-16
Антон Романович
7:32 Loom
10:50 Feudal Age
11:11 Horse Collar
11:19 Double-Bit Axe
16:17 Wheelbarrow
18:36 Bloodlines
21:59 Castle Age
20:23 Gold Mining
20:47 Scale Mail Armor
22:43 Husbandry
25:51 Forging
30:03 Pikeman
37:55 Bow Saw
38:06 Heavy Plow
43:21 Imperial Age
41:50 Hand Cart
41:54 Fervor
42:50 Tusk Swords
43:26 Arson
44:34 Conscription
44:50 Hoardings
46:56 Halberdier
50:11 Conscription
GS_JL
7:23 Loom
9:43 Feudal Age
10:35 Double-Bit Axe
11:21 Horse Collar
20:56 Castle Age
19:54 Bloodlines
20:23 Forging
22:16 Bow Saw
22:09 Heavy Plow
22:40 Husbandry
23:40 Wheelbarrow
23:23 Light Cavalry
26:14 Iron Casting
35:15 Squires
35:37 Hand Cart
35:27 Pikeman
40:42 Imperial Age
41:01 Detinets
46:00 Two-Man Saw
45:33 Crop Rotation
45:14 Town Watch
47:55 Town Patrol
48:04 Scale Barding Armor
Connection lost

Rejoining the realm…

Still unreachable

The connection could not be restored.

Session expired

The server has moved on; the page needs a fresh start.